AoeStats
← Stomy006

Arabia

511056037Analyzed
1v1 RM · 6h ago on Oct 3, 2026· 55m 17s· 2 players
Game mode
Random Map
Map size
Tiny (2 player)
Population
200
Speed
Normal
Resources
Standard
Victory
Conquest
Starting age
Dark Age
Ending age
Imperial Age
RankedLock teamsTeams togetherTeam positionsShared explorationLock speedFull tech treeHidden civsTurbo modeCheats
Victory
Defeat
🇫🇷 Maya · France
797
+14
🇨🇳 Mongols · China
753
-14
Stomy006
0:27 Loom
11:32 Feudal Age
16:30 Forging
20:48 Fletching
25:11 Scale Mail Armor
28:12 Castle Age
27:00 Double-Bit Axe
26:57 Horse Collar
27:27 Gold Mining
28:25 Pikeman
31:18 Bow Saw
32:59 Eagle Warrior
34:11 Heavy Plow
37:17 Squires
38:27 Bodkin Arrow
39:08 Iron Casting
38:09 Crossbowman
39:48 Padded Archer Armor
41:57 Ballistics
43:41 Wheelbarrow
45:38 Imperial Age
46:09 Hand Cart
47:46 Two-Man Saw
47:17 Crop Rotation
46:14 Halberdier
47:25 Stone Mining
52:14 Blast Furnace
51:29 Chain Mail Armor
50:38 Elite Eagle Warrior
52:10 Holcans
52:17 Holcans
54:35 Arbalester
Cure
10:51 Feudal Age
11:31 Double-Bit Axe
14:48 Man-at-Arms
24:14 Castle Age
28:58 Wheelbarrow
29:27 Bow Saw
29:40 Horse Collar
31:35 Fletching
35:51 Hand Cart
37:21 Elite Skirmisher
45:06 Imperial Age
45:26 Husbandry
45:31 Loom
46:35 Conscription
46:39 Bloodlines
47:03 Light Cavalry
48:59 Thumb Ring
48:53 Bodkin Arrow
49:11 Heavy Plow
50:38 Gold Mining
50:30 Elite Mangudai
50:59 Hussar
51:43 Long Swordsman
Connection lost

Rejoining the realm…

Still unreachable

The connection could not be restored.

Session expired

The server has moved on; the page needs a fresh start.